 Dungeon Crawl Stone Soup version 0.20.1-1-g8b1a95d (webtiles) character file.

32 gobwax the Slasher (level 3, -1/28 HPs)
             Began as a Barachi Skald on July 10, 2017.
             Slain by a hobgoblin (3 damage)
             ... led by Robin
             ... on level 2 of the Dungeon.
             The game lasted 00:02:43 (1222 turns).

gobwax the Slasher (Barachi Skald)                  Turns: 1222, Time: 00:02:44

Health: -1/28      AC:  3    Str: 13    XL:     3   Next: 27%
Magic:  5/6        EV: 12    Int: 13    God:
Gold:   77         SH:  0    Dex: 11    Spells: 1/6 levels left

rFire    . . .     SeeInvis .   a - +0 falchion
rCold    . . .     Gourm    .   (no shield)
rNeg     . . .     Faith    .   b - +0 leather armour
rPois    .         Spirit   .   (no helmet)
rElec    .         Reflect  .   (no cloak)
rCorr    .         Harm     .   (no gloves)
MR       +....                  (no boots)
Stlth    +.........             (no amulet)
Regen    0.1/turn               f - ring of protection from magic
MPRegen  0.1/turn               (no ring)

@: singing, slow
A: +LOS, swims, slowness 1, strong legs 1
a: Hop


You were on level 2 of the Dungeon.
You were hungry.

You visited 1 branch of the dungeon, and saw 2 of its levels.

You collected 77 gold pieces.

Inventory:

Hand Weapons
 a - a +0 falchion (weapon)
Armour
 b - a +0 leather armour (worn)
Jewellery
 f - a ring of protection from magic (left hand)
Scrolls
 e - a scroll of teleportation {unknown}
 h - a scroll of identify {unknown}
 k - a scroll of recharging {unknown}
 m - 2 scrolls of enchant weapon {unknown}
 n - a scroll of fear {unknown}
Potions
 i - 2 potions of might {unknown}
 j - a potion of curing {unknown}
 l - a potion of ambrosia {unknown}
Books
 c - a book of Battle

   Spells                             Type                      Level
   a - Infusion                       Charms                       1
   b - Shroud of Golubria             Charms/Translocation         2
   c - Song of Slaying                Charms                       2
   d - Spectral Weapon                Hexes/Charms                 3
   e - Regeneration                   Charms/Necromancy            3
Comestibles
 d - 2 bread rations
 g - 2 meat rations


   Skills:
 - Level 2.4 Fighting
 * Level 4.3 Long Blades
 - Level 1.2 Armour
 - Level 2.1 Dodging
 - Level 2.1 Spellcasting
 - Level 3.2 Charms


You had one spell level left.
You knew the following spells:

 Your Spells              Type           Power        Failure   Level  Hunger
a - Infusion              Chrm           #...         9%          1    ##.....
b - Song of Slaying       Chrm           #.......     12%         2    ###....
c - Shroud of Golubria    Chrm/Tloc      #.........   24%         2    ###....


Dungeon Overview and Level Annotations

Branches:
Dungeon (2/15)

Altars:

Annotations:
D:2 Robin


Innate Abilities, Weirdness & Mutations

Shadows flee at your approach. (+LOS)
You can swim through water.
You cover ground slowly.
You can hop short distances.


Message History

You hit the hobgoblin but do no damage.
The hobgoblin is moderately wounded.
Robin throws the goblin at you! The hobgoblin closely misses you.
The goblin hits you.
You closely miss the hobgoblin.
The hobgoblin is moderately wounded.
The hobgoblin barely misses you. The goblin misses you.
You slash the goblin!
You kill the goblin!
Robin throws the goblin at you! The hobgoblin hits you.
The goblin hits you with a club.
You hit the hobgoblin.
The hobgoblin is almost dead.
Robin laughs in a distinctly smug fashion.
The hobgoblin hits you!
* * * LOW HITPOINT WARNING * * *
The goblin hits you with a club.
* * * LOW HITPOINT WARNING * * *
You closely miss the goblin. The hobgoblin hits you.
You die...

.#####################
.......>....g@ggg.....
#######.######g......
#.# #.+ ...... #.# #.#
..... #.# #(# .... #
#.# #.# #.#
#.#######.####.# #
#.#............#
#..............#


You could see Robin, 3 hobgoblins and a goblin.

Vanquished Creatures
  A ball python (D:1)
  6 goblins
  4 hobgoblins
  7 kobolds
  A quokka (D:2)
  6 bats
  2 frilled lizards
  4 rats
31 creatures vanquished.

Notes
Turn   | Place    | Note
-------+----------+-------------------------------------------
     0 | D:1      | gobwax the Barachi Skald began the quest for the Orb.
     0 | D:1      | Reached XP level 1. HP: 17/17 MP: 3/3
    90 | D:1      | Reached skill level 3 in Long Blades
   216 | D:1      | Reached XP level 2. HP: 22/23 MP: 5/5
   919 | D:2      | Reached skill level 4 in Long Blades
   933 | D:2      | Reached XP level 3. HP: 13/28 MP: 6/6
  1186 | D:2      | Learned a level 2 spell: Song of Slaying
  1189 | D:2      | Learned a level 2 spell: Shroud of Golubria
  1209 | D:2      | Noticed Robin
  1222 | D:2      | Slain by a hobgoblin

Skill      XL: |  1  2 |
---------------+-------+-----
Long Blades    | 3 4 |  4.3
Fighting       | |  2.4
Armour         | |  1.2
Dodging        | |  2.1
Spellcasting   | |  2.1
Charms         | |  3.2

Action                   || total
-------------------------++-------
Melee: Falchion          ||    84
 Cast: Song of Slaying   ||     1
  Eat: Chunk             ||     1
Armor: Leather armour    ||    19
Dodge: Dodged            ||    57
       Rpst.: Falchion   ||    20
